AoeStats
← 1907723359

Fortress

510085723Analyzed
2v2 RM · 2d ago on Sep 29, 2026· 45m 43s· 4 players
Game mode
Random Map
Map size
Normal (6 player)
Population
200
Speed
Normal
Resources
Standard
Victory
Conquest
Starting age
Dark Age
Ending age
Imperial Age
RankedLock teamsTeams togetherTeam positionsShared explorationLock speedFull tech treeHidden civsTurbo modeCheats
Victory
Defeat
🇨🇳 Franks · China
852
+11
🇺🇸 Saxons · United States
813
+12
🇨🇳 Britons · China
748
-12
🇨🇳 Georgians · China
710
-11
Spar27
6:49 Feudal Age
7:26 Double-Bit Axe
7:38 Horse Collar
13:39 Castle Age
13:50 Gold Mining
14:09 Scale Mail Armor
14:20 Forging
16:13 Chain Mail Armor
16:34 Iron Casting
15:50 Fletching
16:37 Loom
17:19 Heavy Plow
26:19 Wheelbarrow
29:10 Imperial Age
30:36 Gambesons
30:52 Squires
30:54 Capped Ram
32:36 Crop Rotation
32:19 Bow Saw
33:18 Plate Mail Armor
33:43 Shield Wall
34:13 Elite Varangian Guard
37:58 Pikeman
38:59 Halberdier
39:26 Elite Hearth Troop
西安兰花
7:23 Feudal Age
5:41 Loom
16:19 Castle Age
14:34 Scale Barding Armor
15:41 Scale Mail Armor
15:52 Forging
17:49 Stone Mining
18:15 Husbandry
18:04 Double-Bit Axe
18:28 Gold Mining
19:38 Chain Barding Armor
21:28 Caravan
29:24 Imperial Age
27:35 Wheelbarrow
26:45 Town Watch
28:07 Chain Mail Armor
28:27 Iron Casting
29:10 Hand Cart
29:48 Bow Saw
30:22 Gold Shaft Mining
31:08 Plate Barding Armor
31:03 Plate Mail Armor
30:42 Ordonnance Companies
31:45 Padded Archer Armor
32:51 Plate Mail Armor
32:13 Fletching
32:01 Cavalier
33:47 Coinage
35:56 Iron Casting
35:18 Bodkin Arrow
35:38 Leather Archer Armor
34:58 Elite Throwing Axeman
36:13 Hoardings
35:41 Chivalry
36:01 Conscription
37:11 Hoardings
38:28 Blast Furnace
39:24 Paladin
42:35 Light Cavalry
reality
8:54 Feudal Age
9:50 Horse Collar
9:56 Double-Bit Axe
12:27 Castle Age
12:02 Loom
19:27 Pikeman
21:39 Wheelbarrow
21:14 Heavy Plow
22:22 Bow Saw
22:24 Fletching
23:47 Hand Cart
23:17 Town Watch
24:36 Squires
25:02 Bodkin Arrow
25:08 Padded Archer Armor
25:15 Man-at-Arms
26:09 Forging
25:59 Scale Mail Armor
27:01 Long Swordsman
27:27 Gambesons
28:51 Chain Mail Armor
29:11 Iron Casting
29:24 Town Patrol
32:45 Imperial Age
30:40 Squires
31:10 Caravan
33:21 Coinage
32:47 Halberdier
33:38 Bracer
34:09 Plate Mail Armor
34:43 Gold Mining
34:44 Stone Mining
36:02 Chemistry
35:22 Ballistics
34:58 Murder Holes
34:43 Treadmill Crane
35:13 Masonry
35:15 Fortified Wall
37:14 Blast Furnace
36:30 Leather Archer Armor
36:33 Guard Tower
36:29 Arrowslits
36:09 Elite Longbowman
37:09 Yeomen
38:24 Guilds
37:39 Two-Handed Swordsman
39:02 Conscription
38:56 Champion
40:10 Ring Archer Armor
41:29 Gold Shaft Mining
44:34 Two-Man Saw
45:53 Banking
45:50 Husbandry
45:12 Light Cavalry
46:01 Scale Barding Armor
46:39 Keep
46:34 Architecture
46:10 Siege Engineers
46:45 Hoardings
46:11 Warwolf
1907723359
8:42 Feudal Age
12:40 Castle Age
10:31 Double-Bit Axe
10:29 Horse Collar
12:34 Gold Mining
12:35 Stone Mining
13:14 Town Watch
13:14 Loom
21:23 Wheelbarrow
20:52 Town Patrol
21:25 Bow Saw
25:28 Forging
28:22 Heavy Plow
31:28 Imperial Age
29:13 Hand Cart
31:35 Stone Shaft Mining
31:49 Caravan
32:19 Coinage
32:28 Fletching
33:14 Iron Casting
32:45 Scale Barding Armor
33:05 Conscription
32:08 Elite Monaspa
33:34 Crop Rotation
33:57 Herbal Medicine
34:16 Fortified Wall
35:09 Chemistry
34:21 Masonry
34:08 Bodkin Arrow
35:56 Banking
35:36 Guilds
37:44 Ballistics
37:20 Murder Holes
37:58 Architecture
37:32 Bracer
38:33 Blast Furnace
37:54 Chain Barding Armor
38:26 Aznauri Cavalry
39:02 Hoardings
39:03 Treadmill Crane
39:11 Arrowslits
40:04 Bloodlines
39:54 Husbandry
39:16 Light Cavalry
40:18 Svan Towers
40:10 Guard Tower
39:45 Onager
42:42 Hussar
46:43 Keep
46:14 Siege Engineers
46:48 Plate Barding Armor
46:15 Scale Mail Armor
46:16 Padded Archer Armor
Connection lost

Rejoining the realm…

Still unreachable

The connection could not be restored.

Session expired

The server has moved on; the page needs a fresh start.